 Dungeon Crawl Stone Soup version 0.21-a0-633-g4c047d5 (webtiles) character file.

75 Esekla the Charmwright (level 4, -1/23 HPs)
             Began as a Spriggan Skald on Dec 28, 2017.
             Slain by an adder (4 damage)
             ... on level 2 of the Dungeon.
             The game lasted 00:18:04 (1570 turns).

Esekla the Charmwright (Spriggan Skald)             Turns: 1570, Time: 00:18:04

Health: -1/23      AC:  2    Str:  7    XL:     4   Next: 11%
Magic:  6/9        EV: 20    Int: 14    God:
Gold:   116        SH:  0    Dex: 16    Spells: 1/9 levels left

rFire    x . .     SeeInvis +   a - +0 short sword
rCold    + . .     Gourm    .   (shield restricted)
rNeg     . . .     Faith    .   b - +0 robe
rPois    .         Spirit   .   m - +0 hat
rElec    .         Reflect  .   (no cloak)
rCorr    .         Harm     .   (gloves unavailable)
MR       .....                  (boots unavailable)
Stlth    ++........             (no amulet)
HPRegen  0.07/turn              q - ring of ice
MPRegen  0.11/turn              j - ring of flight

@: lethally poisoned (-1 -> -8), very quick
A: very small, unfitting armour, see invisible, herbivore, speed 3, slow
metabolism 2
a: Evoke Flight


You were on level 2 of the Dungeon.
You were not hungry.

You visited 1 branch of the dungeon, and saw 3 of its levels.

You collected 116 gold pieces.

Inventory:

Hand Weapons
 a - a +0 short sword (weapon)
 n - a +0 hunting sling
Missiles
 f - 17 sling bullets
 i - 38 stones (quivered)
Armour
 b - a +0 robe (worn)
 m - a +0 hat (worn)
Jewellery
 j - a ring of flight (right hand)
 q - a ring of ice (left hand)
Scrolls
 l - a scroll of teleportation
 o - a scroll of blinking
 p - a scroll of magic mapping {unknown}
Potions
 e - 3 potions of heal wounds {unknown}
 g - 4 potions of curing {unknown}
 h - a potion of resistance {unknown}
 k - 3 potions of brilliance {unknown}
Books
 c - a book of Battle

   Spells                             Type                      Level
   a - Infusion                       Charms                       1
   b - Shroud of Golubria             Charms/Translocation         2
   c - Song of Slaying                Charms                       2
   d - Spectral Weapon                Hexes/Charms                 3
   e - Regeneration                   Charms/Necromancy            3
Comestibles
 d - 7 rations


   Skills:
 + Level 1.8 Fighting
 + Level 3.0 Short Blades
 + Level 4.6 Dodging
 + Level 1.7 Stealth
 + Level 3.1 Spellcasting
 + Level 4.8 Charms
 * Level 1.0 Translocations


You had one spell level left.
You knew the following spells:

 Your Spells              Type           Power        Failure   Level  Hunger
a - Infusion              Chrm           ###.         2%          1    #......
b - Shroud of Golubria    Chrm/Tloc      ##........   10%         2    ##.....
c - Song of Slaying       Chrm           ###.....     4%          2    ##.....
d - Spectral Weapon       Hex/Chrm       #.......     24%         3    ###....


Dungeon Overview and Level Annotations

Branches:
Dungeon (3/15)

Altars:
Elyvilon


Innate Abilities, Weirdness & Mutations

You are very small and have problems with some larger weapons.
You are too small for most types of armour.
You have supernaturally acute eyesight. (SInv)
You are a herbivore.
You cover ground extremely quickly.
You need consume almost no food.


Message History

The adder is severely wounded.
The adder misses you. The adder bites you but does no damage.
You miss the adder.
The adder is severely wounded.
The adder bites you.
You hit the adder but do no damage.
The adder is severely wounded.
Your song has ended.
The adder bites you.
* * * LOW HITPOINT WARNING * * *
You are lethally poisoned!
The adder poisons you!
You closely miss the adder.
The adder is severely wounded.
* * * LOW HITPOINT WARNING * * *
You feel sick. The adder misses you.
You barely miss the adder.
The adder is severely wounded.
The adder misses you. The adder bites you.
You die...

#>....# ###)###
##.### .
#....#..# ##
###......# #..
##......### #..h
#..#....#
#.?..####.#######
#....hhS@........
#....############
#... #.. #. #


You could see an adder and 2 jackals.

Vanquished Creatures
  4 adders
  A worm (D:2)
  2 orcs (D:3)
  2 ball pythons
  6 bats
  4 goblins
  4 hobgoblins
  A jackal (D:2)
  A kobold (D:1)
  3 quokkas
  A frilled lizard (D:2)
  5 rats
34 creatures vanquished.

Notes
Turn   | Place    | Note
-------+----------+-------------------------------------------
     0 | D:1      | Esekla the Spriggan Skald began the quest for the Orb.
     0 | D:1      | Reached XP level 1. HP: 10/10 MP: 5/5
   833 | D:3      | Reached XP level 2. HP: 11/15 MP: 6/6
   889 | D:3      | Found a white marble altar of Elyvilon.
   960 | D:3      | Learned a level 2 spell: Shroud of Golubria
   963 | D:3      | Learned a level 2 spell: Song of Slaying
  1026 | D:3      | Reached skill level 1 in Stealth
  1026 | D:3      | Reached XP level 3. HP: 10/18 MP: 4/8
  1509 | D:2      | Reached XP level 4. HP: 11/23 MP: 2/9
  1514 | D:2      | Reached skill level 1 in Translocations
  1530 | D:2      | Learned a level 3 spell: Spectral Weapon
  1570 | D:2      | Slain by an adder

Vault maps used:
D:1:      dpeg_arrival_simpleton_b
D:3:      elyvilon_altar_4

Skill      XL: |  1  2  3  4 |
---------------+-------------+-----
Dodging        | 4 |  4.6
Stealth        | 1 |  1.7
Spellcasting   | 3 |  3.1
Short Blades   | 3 |  3.0
Translocations | 1 |  1.0
Fighting       | |  1.8
Charms         | |  4.8

Action                   |  1- 3 |  4- 6 || total
-------------------------+-------+-------++-------
Melee: Short sword       |    84 |    35 ||   119
Throw: Stone             |     4 |     1 ||     5
 Cast: Infusion          |     5 |       ||     5
       Song of Slaying   |     2 |     1 ||     3
       Shroud of Golubri |     2 |       ||     2
  Use: Scroll            |     4 |       ||     4
 Stab: Sleeping          |     5 |       ||     5
Armor: Robe              |    22 |     4 ||    26
Dodge: Dodged            |   117 |    25 ||   142

Table legend:
 A = Spawn XP
 B = Non-spawn XP
 C = Spawn XP percentage of total XP
 D = Spawn monster count
 E = Non-spawn monster count
 F = Spawn count percentage of total count
 G = Total turns spent on level
                    A         B        C        D         E        F      G
               +---------+---------+-------+---------+---------+-------+---------
         Total |       0 |     108 |   0.0 |       0 |      34 |   0.0 |  1570
               +---------+---------+-------+---------+---------+-------+---------
           D:1 |       0 |       4 |   0.0 |       0 |       2 |   0.0 |   264
           D:2 |       0 |      54 |   0.0 |       0 |      16 |   0.0 |   274
           D:3 |       0 |      50 |   0.0 |       0 |      16 |   0.0 |  1032
               +---------+---------+-------+---------+---------+-------+---------
